[ AOE2 MATCH · #505522878 ]
UnrankedLithuanians vs Poles
Rival team · LOSS
[ REPLAY ANALYSIS · EXTRACTED FROM THE RECORDED GAME ]
Feudal
8:26
Castle
21:28
Imperial
—
| APM avg | 58.7 |
| APM peak | 100 |
| eAPM avg | 33.5 |
| Villagers / military | 149 / 79 |
Focus
⚔️ 44.9% · 🌾 55.1%
Leitis ×34 · Archer ×13 · Battering Ram ×8 · Scout Cavalry ×6 · Monk ×5 · Knight ×4
Feudal
8:53
Castle
20:13
Imperial
—
| APM avg | 54.7 |
| APM peak | 74 |
| eAPM avg | 26.6 |
| Villagers / military | 126 / 64 |
Focus
⚔️ 42.6% · 🌾 57.4%
Knight ×28 · Cavalry Archer ×9 · Mangonel ×8 · Battering Ram ×6 · Obuch ×5 · Monk ×3
Match map
Initial resources + every placement click. Lines = walls · curves = elevation contours. ◆ gold · ⬟ stone · ● berries · ✦ relic · ◌ wall gap
Your base· Open — 6t gap
mentalist_'s base· ✓ Closed at 20:13 · 57t walls · 1 gate(s)
Smoothed initial terrain · ◌ = detected wall gap · hover for details
Inputs per minute
— Courtesy - - mentalist_
Build order — Courtesy
First 150 of 391 actions detected
| 0:01 | Create | Villager (Male) |
| 0:01 | Create | Villager (Male) |
| 0:01 | Create | Villager (Male) |
| 0:02 | Build | House |
| 0:03 | Build | House |
| 0:05 | Create | Villager (Male) ×3 |
| 0:05 | Create | Villager (Male) ×3 |
| 1:19 | Create | Villager (Male) |
| 1:52 | Build | Lumber Camp |
| 1:55 | Create | Villager (Male) |
| 2:05 | Create | Villager (Male) |
| 2:30 | Create | Villager (Male) |
| 3:19 | Create | Villager (Male) |
| 3:35 | Create | Villager (Male) |
| 3:37 | Build | House |
| 3:55 | Create | Villager (Male) |
| 4:24 | Create | Villager (Male) |
| 4:38 | Create | Villager (Male) |
| 4:45 | Build | Mill |
| 4:56 | Create | Villager (Male) |
| 5:17 | Create | Villager (Male) |
| 5:26 | Create | Villager (Male) |
| 5:27 | Create | Villager (Male) |
| 6:10 | Research | Feudal Age |
| 6:27 | Create | Villager (Male) |
| 6:39 | Build | House |
| 7:07 | Create | Villager (Male) |
| 7:11 | Build | Barracks |
| 7:21 | Research | Loom |
| 7:21 | Create | Villager (Male) |
| 8:26 | Age | Feudal Age |
| 8:27 | Build | Stable |
| 8:30 | Research | Double-Bit Axe |
| 8:31 | Create | Spearman |
| 8:35 | Create | Villager (Male) |
| 8:39 | Build | House |
| 9:09 | Create | Scout Cavalry |
| 9:12 | Research | Horse Collar |
| 9:18 | Create | Villager (Male) |
| 9:26 | Create | Scout Cavalry |
| 9:27 | Create | Villager (Male) |
| 9:42 | Create | Villager (Male) |
| 9:58 | Build | Archery Range |
| 10:00 | Create | Villager (Male) |
| 10:23 | Build | Mining Camp |
| 10:35 | Build | House |
| 10:44 | Create | Archer |
| 10:51 | Create | Villager (Male) |
| 10:53 | Build | House |
| 10:56 | Build | Palisade Wall |
| 11:01 | Create | Villager (Male) |
| 11:04 | Build | Palisade Wall |
| 11:15 | Create | Archer |
| 11:19 | Build | Farm |
| 11:20 | Create | Villager (Male) |
| 11:27 | Build | House |
| 11:28 | Build | Palisade Wall |
| 11:39 | Create | Villager (Male) |
| 11:47 | Build | Farm |
| 11:49 | Create | Archer |
| 12:10 | Create | Archer |
| 12:13 | Create | Villager (Male) |
| 12:22 | Create | Villager (Male) |
| 12:40 | Build | Watch Tower |
| 12:46 | Create | Villager (Male) |
| 13:00 | Create | Archer |
| 13:03 | Build | Blacksmith |
| 13:04 | Build | House |
| 13:08 | Create | Spearman |
| 13:09 | Create | Archer |
| 13:12 | Build | House |
| 13:14 | Create | Villager (Male) |
| 13:27 | Create | Villager (Male) |
| 13:33 | Build | Mining Camp |
| 13:51 | Build | Watch Tower |
| 13:55 | Create | Archer |
| 13:56 | Create | Villager (Male) |
| 14:02 | Research | Fletching |
| 14:27 | Build | Farm |
| 14:30 | Build | Farm |
| 14:43 | Create | Archer |
| 14:51 | Build | Farm |
| 14:55 | Create | Villager (Male) |
| 15:02 | Create | Archer |
| 15:13 | Create | Villager (Male) |
| 15:18 | Create | Villager (Male) |
| 15:20 | Create | Villager (Male) |
| 15:27 | Build | Farm |
| 15:41 | Create | Villager (Male) |
| 15:48 | Create | Villager (Male) |
| 15:52 | Create | Archer |
| 15:56 | Build | Farm |
| 15:58 | Build | Farm |
| 16:00 | Create | Villager (Male) |
| 16:21 | Create | Villager (Male) |
| 16:34 | Create | Villager (Male) |
| 16:41 | Create | Archer |
| 16:43 | Create | Villager (Male) |
| 16:45 | Build | Market |
| 17:03 | Build | Watch Tower |
| 17:20 | Build | Farm |
| 17:22 | Build | Farm |
| 17:23 | Create | Villager (Male) |
| 17:25 | Build | Farm |
| 17:26 | Build | Farm |
| 17:43 | Build | House |
| 17:44 | Build | House |
| 18:06 | Create | Villager (Male) |
| 18:39 | Build | Watch Tower |
| 18:42 | Build | Watch Tower |
| 18:48 | Research | Castle Age |
| 18:48 | Research | Castle Age |
| 19:21 | Create | Villager (Male) |
| 19:25 | Create | Archer |
| 19:27 | Research | Gold Mining |
| 19:59 | Build | Watch Tower |
| 19:59 | Create | Villager (Male) |
| 20:39 | Build | House |
| 20:40 | Create | Villager (Male) |
| 21:03 | Create | Villager (Male) |
| 21:28 | Age | Castle Age |
| 21:30 | Research | Bodkin Arrow |
| 21:31 | Create | Villager (Male) |
| 21:32 | Build | University |
| 21:37 | Create | Villager (Male) |
| 21:45 | Build | Siege Workshop |
| 21:48 | Build | Town Center |
| 21:51 | Research | Bow Saw |
| 21:53 | Create | Knight |
| 22:07 | Create | Villager (Male) |
| 22:08 | Build | Farm |
| 22:11 | Create | Villager (Male) |
| 22:23 | Create | Archer |
| 22:33 | Research | Guard Tower (upgrade) |
| 22:59 | Create | Villager (Male) |
| 23:16 | Create | Mangonel |
| 23:30 | Create | Villager (Male) |
| 23:34 | Create | Villager (Male) |
| 23:37 | Create | Villager (Male) |
| 23:39 | Build | Siege Workshop |
| 23:55 | Create | Knight |
| 23:59 | Build | Farm |
| 24:00 | Create | Villager (Male) |
| 24:04 | Build | House |
| 24:05 | Build | House |
| 24:06 | Build | Stone Wall |
| 24:09 | Build | House |
| 24:09 | Create | Villager (Male) |
| 24:20 | Create | Villager (Male) |
| 24:23 | Create | Scorpion |
Build order — mentalist_
First 150 of 330 actions detected
| 0:01 | Create | Villager (Male) |
| 0:02 | Build | House |
| 0:02 | Create | Villager (Male) |
| 0:04 | Build | House |
| 0:04 | Create | Villager (Male) |
| 0:07 | Create | Villager (Male) |
| 1:31 | Create | Villager (Male) |
| 1:49 | Create | Villager (Male) |
| 2:09 | Build | Lumber Camp |
| 2:16 | Build | Lumber Camp |
| 2:19 | Create | Villager (Male) |
| 2:20 | Create | Villager (Male) |
| 2:39 | Create | Villager (Male) |
| 3:06 | Create | Villager (Male) |
| 3:28 | Build | House |
| 3:30 | Create | Villager (Male) |
| 3:58 | Create | Villager (Male) |
| 4:19 | Create | Villager (Male) |
| 4:24 | Create | Villager (Male) |
| 4:39 | Create | Villager (Male) |
| 4:54 | Create | Villager (Male) |
| 5:07 | Build | Mill |
| 5:20 | Create | Villager (Male) |
| 5:57 | Build | Palisade Wall |
| 5:58 | Build | Palisade Wall |
| 6:03 | Research | Loom |
| 6:04 | Research | Loom |
| 6:23 | Build | House |
| 6:43 | Research | Feudal Age |
| 6:49 | Build | Palisade Wall |
| 6:50 | Build | Palisade Wall |
| 6:51 | Build | Palisade Wall |
| 7:05 | Build | Palisade Wall |
| 8:24 | Build | Barracks |
| 8:34 | Create | Villager (Male) |
| 8:34 | Create | Villager (Male) |
| 8:50 | Build | Palisade Wall |
| 8:53 | Age | Feudal Age |
| 9:02 | Research | Double-Bit Axe |
| 9:07 | Create | Spearman |
| 9:12 | Build | Palisade Wall |
| 9:13 | Build | Palisade Wall |
| 9:20 | Create | Villager (Male) |
| 9:28 | Build | Palisade Wall |
| 9:34 | Create | Villager (Male) |
| 9:39 | Build | Palisade Wall |
| 9:49 | Create | Spearman |
| 9:56 | Build | Farm |
| 10:10 | Create | Villager (Male) |
| 10:24 | Build | Farm |
| 10:25 | Create | Spearman |
| 10:37 | Create | Villager (Male) |
| 11:01 | Create | Villager (Male) |
| 11:06 | Build | Farm |
| 11:22 | Create | Villager (Male) |
| 11:29 | Build | Palisade Wall |
| 11:30 | Build | Palisade Gate |
| 11:51 | Build | Mill |
| 11:52 | Create | Villager (Male) |
| 12:17 | Build | House |
| 12:21 | Build | House |
| 12:28 | Build | Watch Tower |
| 12:34 | Build | Farm |
| 12:35 | Build | Farm |
| 12:40 | Create | Villager (Male) |
| 12:45 | Research | Horse Collar |
| 12:51 | Create | Villager (Male) |
| 13:04 | Build | House |
| 13:05 | Build | Farm |
| 13:07 | Build | Farm |
| 13:14 | Create | Villager (Male) |
| 13:25 | Build | Farm |
| 13:29 | Build | House |
| 13:31 | Create | Villager (Male) |
| 13:43 | Build | Mining Camp |
| 13:45 | Create | Villager (Male) |
| 14:05 | Build | Mining Camp |
| 14:05 | Create | Villager (Male) |
| 14:18 | Create | Villager (Male) |
| 14:31 | Create | Villager (Male) |
| 14:46 | Build | Farm |
| 14:46 | Create | Villager (Male) |
| 15:05 | Build | Archery Range |
| 15:14 | Create | Villager (Male) |
| 15:20 | Build | Farm |
| 15:25 | Build | Farm |
| 15:45 | Build | House |
| 15:47 | Build | House |
| 15:49 | Build | House |
| 16:03 | Build | Farm |
| 16:12 | Build | Palisade Wall |
| 16:18 | Build | Farm |
| 16:22 | Create | Villager (Male) |
| 16:28 | Create | Villager (Male) |
| 16:39 | Create | Villager (Male) |
| 16:58 | Build | Blacksmith |
| 17:06 | Create | Villager (Male) |
| 17:17 | Research | Wheelbarrow |
| 17:33 | Research | Castle Age |
| 17:46 | Build | Watch Tower |
| 17:52 | Build | Lumber Camp |
| 18:08 | Research | Fletching |
| 18:22 | Build | Mining Camp |
| 19:12 | Build | Watch Tower |
| 19:19 | Create | Skirmisher |
| 19:32 | Research | Scale Barding Armor |
| 19:45 | Create | Skirmisher |
| 19:48 | Build | Farm |
| 19:50 | Build | Farm |
| 20:13 | Age | Castle Age |
| 20:17 | Create | Villager (Male) |
| 20:21 | Create | Cavalry Archer |
| 20:22 | Research | Bodkin Arrow |
| 20:23 | Research | Bodkin Arrow |
| 20:23 | Create | Villager (Male) |
| 20:36 | Create | Villager (Male) |
| 20:40 | Create | Cavalry Archer |
| 21:01 | Create | Cavalry Archer |
| 21:04 | Research | Padded Archer Armor |
| 21:17 | Build | Siege Workshop |
| 21:18 | Create | Villager (Male) |
| 21:22 | Create | Villager (Male) |
| 21:46 | Build | Town Center |
| 21:49 | Create | Battering Ram |
| 21:52 | Create | Villager (Male) |
| 22:06 | Create | Villager (Male) |
| 22:36 | Create | Villager (Male) |
| 22:38 | Create | Cavalry Archer |
| 22:58 | Create | Villager (Male) |
| 23:00 | Build | Monastery |
| 23:21 | Create | Villager (Male) |
| 23:30 | Create | Cavalry Archer |
| 23:48 | Create | Villager (Male) |
| 24:03 | Create | Villager (Male) |
| 24:24 | Create | Monk |
| 24:28 | Create | Villager (Male) |
| 24:32 | Build | Stable |
| 24:32 | Create | Villager (Male) |
| 24:37 | Build | Farm |
| 24:40 | Build | Farm |
| 24:45 | Build | Farm |
| 24:50 | Create | Mangonel |
| 24:51 | Create | Villager (Male) |
| 24:56 | Create | Cavalry Archer |
| 25:06 | Create | Villager (Male) |
| 25:29 | Create | Villager (Male) |
| 25:30 | Create | Knight |
| 25:31 | Build | Farm |
| 25:48 | Create | Battering Ram |
| 25:54 | Create | Villager (Male) |
Match timeline
| 5:57 | mentalist_ · wall_segment Palisade Wall x4 |
| 5:58 | mentalist_ · wall_segment Palisade Wall x6 |
| 6:49 | mentalist_ · wall_segment Palisade Wall x1 |
| 6:50 | mentalist_ · wall_segment Palisade Wall x1 |
| 6:51 | mentalist_ · wall_segment Palisade Wall x1 |
| 7:05 | mentalist_ · wall_segment Palisade Wall x4 |
| 7:11 | Courtesy · first_building Barracks |
| 8:24 | mentalist_ · first_building Barracks |
| 8:26 | Courtesy · age_up feudal |
| 8:27 | Courtesy · first_building Stable |
| 8:50 | mentalist_ · wall_segment Palisade Wall x8 |
| 8:53 | mentalist_ · age_up feudal |
| 9:12 | mentalist_ · wall_segment Palisade Wall x1 |
| 9:13 | mentalist_ · wall_segment Palisade Wall x1 |
| 9:28 | mentalist_ · wall_segment Palisade Wall x7 |
| 9:39 | mentalist_ · wall_segment Palisade Wall x20 |
| 9:58 | Courtesy · first_building Archery Range |
| 10:56 | Courtesy · wall_segment Palisade Wall x2 |
| 11:04 | Courtesy · wall_segment Palisade Wall x1 |
| 11:28 | Courtesy · wall_segment Palisade Wall x2 |
| 11:29 | mentalist_ · wall_segment Palisade Wall x2 |
| 15:05 | mentalist_ · first_building Archery Range |
| 16:12 | mentalist_ · wall_segment Palisade Wall x2 |
| 18:01 | Courtesy · first_market_buy 100 food |
| 18:02 | Courtesy · first_market_sell 100 stone |
| 20:13 | mentalist_ · age_up castle |
| 21:17 | mentalist_ · first_building Siege Workshop |
| 21:28 | Courtesy · age_up castle |
| 21:45 | Courtesy · first_building Siege Workshop |
| 23:00 | mentalist_ · first_building Monastery |
| 24:06 | Courtesy · wall_segment Stone Wall x1 |
| 24:32 | mentalist_ · first_building Stable |
| 26:18 | Courtesy · wall_segment Stone Wall x1 |
| 26:19 | Courtesy · wall_segment Stone Wall x1 |
| 26:22 | Courtesy · wall_segment Stone Wall x1 |
| 26:27 | Courtesy · wall_segment Stone Wall x1 |
| 26:38 | Courtesy · wall_segment Stone Wall x1 |
| 28:18 | Courtesy · wall_segment Stone Wall x1 |
| 28:26 | Courtesy · wall_segment Stone Wall x1 |
| 28:30 | Courtesy · wall_segment Stone Wall x1 |
| 28:33 | Courtesy · wall_segment Stone Wall x1 |
| 28:36 | Courtesy · wall_segment Stone Wall x1 |
| 28:50 | Courtesy · first_building Monastery |
| 31:53 | Courtesy · wall_segment Stone Wall x1 |
| 32:06 | mentalist_ · first_building Castle |
| 32:27 | Courtesy · first_building Castle |
| 39:26 | mentalist_ · resign |
[ AI ANALYSIS · 1 CREDIT ]
What really happened in this match?
Wolo.gg analyzes every decision: build order, eco, micro, common mistakes by bracket. Personalized analysis on WhatsApp or Discord in 30 seconds.
Civ guide
Lithuanians
Perfil
Jugador #3022245